 Dungeon Crawl Stone Soup version 0.21-a0-582-g1b93aee (webtiles) character file.

187800 theanonym the Devastator (level 17, -5/140 HPs)
             Began as a Green Draconian Air Elementalist on Dec 19, 2017.
             Was an Elder of Vehumet.
             Shot with a bolt by a naga sharpshooter (7 damage)
             ... led by Vashnia
             ... on level 4 of the Snake Pit.
             The game lasted 03:15:52 (46984 turns).

theanonym the Devastator (DrAE)                    Turns: 46984, Time: 03:15:53

Health: -5/140     AC: 15    Str: 15    XL:     17   Next: 45%
Magic:  2/43       EV: 12    Int: 22    God:    Vehumet [****..]
Gold:   2434       SH:  8    Dex: 16    Spells: 1/43 levels left

rFire    . . .     SeeInvis +   a - staff of energy {+Channel Hungerless}
rCold    . . .     Gourm    .   F - +0 buckler
rNeg     . . .     Faith    .   (armour unavailable)
rPois    +         Spirit   .   (helmet restricted)
rElec    +         Reflect  +   T - +1 cloak {MR+} {MR+}
rCorr    .         Harm     .   o - +2 pair of gloves
MR       +++..                  S - +0 pair of boots of Rireah {rElec SInv}
Stlth    ++........             D - +3 amulet of reflection
HPRegen  0.33/turn              A - ring of magical power {MP+9}
MPRegen  0.28/turn              C - ring of Cowardice {rElec MR+ Str+4 Dex+4}

@: no status effects
A: breathe noxious fumes, unfitting armour, stinger 1, poison resistance,
cold-blooded, AC +9
}: 1/15 runes: decaying
a: Breathe Noxious Fumes, Renounce Religion


Innate Abilities, Weirdness & Mutations

You can breathe blasts of noxious fumes.
Your lurid green scales are hard. (AC +9)
You cannot fit into any form of body armour.
Your tail ends in a poisonous barb.
Your system is resistant to poisons. (rPois)
You are cold-blooded and may be slowed by cold attacks.


   Skills:
 - Level 10.0 Fighting
 - Level 1.7 Dodging
 - Level 1.7 Stealth
 - Level 4.1 Shields
 * Level 13.8 Spellcasting
 + Level 16.4 Conjurations
 - Level 15.0 Fire Magic
 - Level 10.0 Air Magic
 - Level 4.4 Poison Magic
 - Level 10.0 Evocations


You had one spell level left.
You knew the following spells:

 Your Spells              Type           Power        Failure   Level  Hunger
a - Poison Arrow          Conj/Pois      ######....   2%          6    None
b - Static Discharge      Conj/Air       ######..     1%          3    None
c - Orb of Destruction    Conj           ######....   1%          7    None
d - Lightning Bolt        Conj/Air       ######....   1%          5    None
e - Airstrike             Air            ######....   1%          4    None
f - Fireball              Conj/Fire      ######....   1%          5    None
g - Mephitic Cloud        Conj/Pois/Air  ######..     1%          3    None
h - Shock                 Conj/Air       ####         0%          1    None
j - Conjure Ball Lightni  Conj/Air       ######....   1%          6    None
s - Swiftness             Chrm/Air       #####...     1%          2    None

Skill      XL: |  1  2  3  4  5  6  7  8  9 10 11 12 13 14 15 16 17 |
---------------+----------------------------------------------------+-----
Conjurations   | 2 3 4 5 6 8 9 10 12 13 14 15 16 | 16.4
Air Magic      | 4 5 6 8 9 10 | 10.0
Spellcasting   | 3 5 7 8 9 12 13 | 13.8
Fighting       | 4 6 10 | 10.0
Fire Magic     | 6 9 12 13 15 | 15.0
Evocations     | 5 9 10 | 10.0
Shields        | 4 |  4.1
Poison Magic   | 4 |  4.4
Dodging        | |  1.7
Stealth        | |  1.7

Action                   |  1- 3 |  4- 6 |  7- 9 | 10-12 | 13-15 | 16-18 || total
-------------------------+-------+-------+-------+-------+-------+-------++-------
Melee: Dagger            |    42 |    64 |   131 |       |       |       ||   237
       Tailslap          |     4 |     8 |    16 |     3 |     7 |     3 ||    41
       Staff             |       |       |       |    19 |    43 |     8 ||    70
 Cast: Shock             |    64 |   115 |   230 |   191 |    14 |       ||   614
       Static Discharge  |       |     8 |    15 |    38 |    49 |    17 ||   127
       Swiftness         |       |     2 |       |     2 |     5 |     3 ||    12
       Airstrike         |       |     1 |    11 |    32 |    91 |     1 ||   136
       Lightning Bolt    |       |       |    10 |    61 |    66 |    41 ||   178
       Conjure Flame     |       |       |       |     3 |     1 |       ||     4
       Fireball          |       |       |       |   122 |   439 |   228 ||   789
       Mephitic Cloud    |       |       |       |     6 |     3 |     1 ||    10
       Conjure Ball Ligh |       |       |       |       |    37 |    31 ||    68
       Orb of Destructio |       |       |       |       |       |    31 ||    31
       Poison Arrow      |       |       |       |       |       |    19 ||    19
 Abil: Breathe Noxious F |       |       |    15 |    28 |    29 |     3 ||    75
Evoke: Wand              |       |       |     3 |    10 |    11 |    12 ||    36
       Staff of energy   |       |       |       |       |    91 |    27 ||   118
       Lightning rod     |       |       |       |       |     2 |     4 ||     6
       Phantom mirror    |       |       |       |       |       |     1 ||     1
  Use: Scroll            |       |     8 |    14 |     6 |    12 |     8 ||    48
       Potion            |       |       |     4 |       |     2 |       ||     6
 Stab: Sleeping          |     1 |       |     1 |       |       |       ||     2
       Paralysed         |       |       |       |       |     5 |     8 ||    13
  Eat: Chunk             |     5 |     7 |    19 |    39 |    30 |    16 ||   116
       Ration            |       |     1 |     2 |    11 |    13 |     6 ||    33
Armor: Skin              |    15 |    37 |   106 |    72 |    82 |    33 ||   345
Dodge: Dodged            |    30 |    71 |   150 |    63 |   120 |    66 ||   500
Block: Other             |       |       |     2 |    20 |    18 |       ||    40
       Reflection        |       |       |       |     2 |     1 |    10 ||    13
       Buckler           |       |       |       |       |     1 |    38 ||    39

Inventory:

Armour
 g - a +0 shield of reflection {Donald}
   (You took it off Donald on level 1 of the Swamp)
 o - a +2 pair of gloves (worn)
   (You bought it in a shop on level 4 of the Dungeon)
 F - a +0 buckler (worn)
   (You found it on level 3 of the Swamp)
 S - the +0 pair of boots of Rireah (worn) {rElec SInv}
   (You bought it in a shop on level 2 of the Orcish Mines)

   It insulates you from electricity.
   It lets you see invisible.
 T - a +1 cloak of magic resistance (worn) {MR+}
   (You found it in a labyrinth)
 Z - a scarf of cloud immunity
   (You found it on level 10 of the Dungeon)
Magical Staves
 a - an uncursed staff of energy (weapon) {+Channel Hungerless}
   (You found it on level 2 of the Lair of Beasts)
 b - an uncursed staff of fire {rF+}
   (You found it on level 1 of the Orcish Mines)
Jewellery
 p - an uncursed amulet of magic regeneration
   (You took it off a salamander on level 1 of the Snake Pit)
 s - an uncursed ring of resist corrosion {rCorr}
   (You found it on level 1 of the Lair of Beasts)
 A - a ring of magical power (left hand) {MP+9}
   (You found it on level 5 of the Dungeon)
 C - the ring of Cowardice (right hand) {rElec MR+ Str+4 Dex+4}
   (You found it on level 2 of the Lair of Beasts)

   [ring of protection from magic]

   It affects your strength (+4).
   It affects your dexterity (+4).
   It insulates you from electricity.
   It affects your resistance to hostile enchantments.
 D - a +3 amulet of reflection (around neck)
   (You found it on level 7 of the Dungeon)
 J - a +3 ring of intelligence
   (You found it on level 6 of the Dungeon)
Wands
 c - a wand of clouds (7)
   (You found it on level 7 of the Dungeon)
 d - a wand of digging (30)
   (You found it in a labyrinth)
 k - a wand of iceblast (38)
   (You took it off a kobold on level 4 of the Dungeon)
 v - a wand of acid (14)
   (You took it off a kobold on level 10 of the Dungeon)
 E - a wand of enslavement (7)
   (You found it on level 4 of the Dungeon)
 H - a wand of paralysis (31)
   (You found it on level 7 of the Dungeon)
 R - a wand of disintegration (2)
   (You found it on level 10 of the Dungeon)
Scrolls
 f - 2 scrolls of fog
 j - 8 scrolls of immolation
 l - 6 scrolls of blinking
 n - 2 scrolls of amnesia
 r - a scroll of identify
 t - 10 scrolls of teleportation {!r}
 y - a scroll of magic mapping
 B - 3 scrolls of enchant armour
 O - 6 scrolls of remove curse
 W - a scroll of summoning
Potions
 i - 2 potions of mutation
 m - a potion of haste
 q - 7 potions of heal wounds
 u - a potion of resistance {rF+ rC+}
 w - 7 potions of curing
 x - 4 potions of brilliance
 z - 6 potions of flight
 K - 4 potions of cancellation
 L - 2 potions of magic
 N - 3 potions of invisibility
 P - 6 potions of ambrosia
 V - 2 potions of lignification
 X - a potion of degeneration {unknown}
Books
 M - a book of the Earth
   (You took it off Roxanne on level 2 of the Snake Pit)
 Y - a book of Ice
   (You found it on level 6 of the Lair of Beasts)
Miscellaneous
 G - a fan of gales
   (You found it on level 3 of the Swamp)
 U - a lightning rod (4/4)
   (You found it in a labyrinth)
Comestibles
 e - 12 rations


You were on level 4 of the Snake Pit.
You worshipped Vehumet.
Vehumet was greatly pleased with you.
You were not hungry.

You visited 6 branches of the dungeon, and saw 27 of its levels.
You also visited: Labyrinth, Sewer, Ossuary and Ice Cave.

You collected 3133 gold pieces.
You spent 699 gold pieces at shops.

Dungeon Overview and Level Annotations

Branches:
Dungeon (10/15)            Temple (1/1) D:5            Lair (6/6) D:9
  Swamp (4/4) Lair:2        Snake (4/4) Lair:3        Slime (0/5) Lair:5
    Orc (2/2) D:10            Elf (0/3) Orc:2

Altars:
Cheibriados
Dithmenos
Hepliaklqana
Makhleb
Sif Muna
Uskayaw
Vehumet
Yredelemnul
Zin
Beogh

Shops:
D:4 [*   D:6 !   D:7 [   D:9 !   Orc:2 [([

Annotations:
D:7 1 runed door
D:10 dig
Snake:4 Vashnia


Message History

Eat a chunk of flesh? (ye/n/q)
Okay, then.
Eat a chunk of flesh? (ye/n/q)
You eat the chunk of flesh.
The black mamba moves out of view.
There is a stone staircase leading up here.
Aim: a black mamba (hasn't noticed you)
The black mamba hisses angrily.
You hear a shout!
A naga sharpshooter comes into view. It is wielding a flail.
You now have 36/43 mp.
The orb of destruction hits the black mamba.
You blow up the black mamba!
Vehumet accepts your kill.
You feel your power returning.
The naga sharpshooter unwields an uncursed flail.
The naga sharpshooter wields an uncursed runed arbalest.
The naga sharpshooter shoots a bolt.
The bolt hits you!
You hear a shout!
You take 10 damage, and have 130/140 hp.
You regained 3 mp, and now have 39/43 mp.
The fireball explodes!
The fireball engulfs the naga sharpshooter.
You now have 34/43 mp.
The fireball explodes!
The fireball engulfs the naga sharpshooter.
You hear a shout!
The naga sharpshooter shoots a bolt.
The bolt hits you!!
You take 21 damage, and have 110/140 hp.
You now have 30/43 mp.
The fireball explodes!
The fireball engulfs the naga sharpshooter.
You kill the naga sharpshooter!
Vehumet accepts your kill.
You feel your power returning.
A black mamba and a naga sharpshooter come into view.
You now have 28/43 mp.
The fireball explodes!
The fireball engulfs the black mamba.
The fireball engulfs the naga sharpshooter.
The naga sharpshooter shouts!
Vashnia the Elite Marksnaga comes into view.
She is wielding a dire flail of protection.
You now have 23/43 mp.
The fireball explodes!
The fireball engulfs the black mamba.
The fireball engulfs Vashnia.
The fireball engulfs the naga sharpshooter.
* * * LOW MAGIC WARNING * * *
The naga sharpshooter unwields an uncursed battleaxe.
The naga sharpshooter wields an uncursed arbalest.
The naga sharpshooter shoots a bolt.
The bolt hits you!
You take 15 damage, and have 96/140 hp.
You now have 19/43 mp.
The fireball explodes!
The fireball engulfs Vashnia.
The fireball engulfs the naga sharpshooter.
* * * LOW MAGIC WARNING * * *
Vashnia blinks!
The naga sharpshooter shoots a bolt.
The bolt hits you!
You take 16 damage, and have 80/140 hp.
You now have 14/43 mp.
You create some ball lightning!
* * * LOW MAGIC WARNING * * *
You hear a distant blaring wail to the west.
The black mamba closely misses you.
You now have 8/43 mp.
The fireball explodes!
The fireball engulfs the black mamba.
You kill the black mamba!
Vehumet accepts your kill.
You feel your power returning.
* * * LOW MAGIC WARNING * * *
You hear a shout! x2
The naga sharpshooter gestures wildly while chanting.
The naga sharpshooter magically shoots a bolt.
The bolt hits you.
A naga mage comes into view. It is wielding a spear.
You take 4 damage, and have 77/140 hp.
You now have 6/43 mp.
The naga sharpshooter shoots a bolt.
The bolt hits your ball lightning!!
Your ball lightning explodes!
The blast of lightning engulfs you! You resist.
You hear a shout! x4; You hear an angry hiss.
You hear a shout! x3
You take 6 damage, and have 71/140 hp.
Your ball lightning explodes!
The blast of lightning engulfs the naga mage.
The naga sharpshooter mumbles some strange words.
The naga sharpshooter magically shoots a bolt.
The bolt hits you!
* * * LOW HITPOINT WARNING * * *
You hear a shout! x2; You hear an angry hiss.
A naga sharpshooter comes into view. It is wielding a long sword.
You take 13 damage, and have 58/140 hp.
You create some ball lightning!
* * * LOW MAGIC WARNING * * *
The naga sharpshooter shoots a bolt.
The bolt hits you!!
* * * LOW HITPOINT WARNING * * *
The naga sharpshooter unwields an uncursed long sword.
The naga sharpshooter wields an uncursed longbow.
The naga sharpshooter mumbles some strange words.
The naga sharpshooter magically shoots an arrow.
The arrow hits you!
* * * LOW HITPOINT WARNING * * *
The naga mage spits poison at you. The splash of poison hits you! You resist.
You take 41 damage, and have 17/140 hp.
MASSIVE DAMAGE!!
You now have 1/43 mp.
The naga sharpshooter shoots an arrow.
The arrow hits you!
* * * LOW HITPOINT WARNING * * *
The naga sharpshooter shoots a bolt.
The bolt hits you!
You die...

.......
..(....########
........<.....#
.............
............
..........#
........*.+
.....**.@.#
.......†..#
.....#....#
......#(....
...N.........
.........####..
.......### .
....NN


You could see 2 naga sharpshooters, a naga mage and 3 friendly ball lightnings.

Notes
Turn   | Place    | Note
-------+----------+-------------------------------------------
     0 | D:1      | theanonym the Draconian Air Elementalist began the quest for the Orb.
     0 | D:1      | Reached XP level 1. HP: 14/14 MP: 3/3
    69 | D:1      | HP: 7/14 [kobold (3)]
   391 | D:1      | Reached XP level 2. HP: 19/20 MP: 0/5
   477 | D:1      | Reached skill level 2 in Conjurations
   547 | D:1      | Learned a level 2 spell: Swiftness
  1137 | D:2      | Reached XP level 3. HP: 26/26 MP: 1/6
  1618 | D:2      | Reached skill level 3 in Conjurations
  1695 | D:2      | Found a snail-covered altar of Cheibriados.
  2145 | D:3      | Reached XP level 4. HP: 32/33 MP: 4/7
  2241 | D:3      | Noticed a bullfrog
  2313 | D:3      | Learned a level 3 spell: Static Discharge
  2326 | D:3      | Killed a bullfrog
  2326 | D:3      | Reached skill level 4 in Conjurations
  2326 | D:3      | Reached skill level 4 in Air Magic
  2454 | D:3      | Reached XP level 5. HP: 31/38 MP: 4/8
  2672 | D:4      | Found Coifourgh's Armour Boutique.
  2972 | D:3      | HP: 15/38 [orc priest/divine providence (13)]
  3173 | D:3      | HP: 18/38 [poisoned by an orc]
  3178 | D:3      | HP: 13/38 [poisoned by an orc]
  3183 | D:3      | HP: 9/38 [poisoned by an orc]
  3189 | D:3      | HP: 6/38 [poisoned by an orc]
  3194 | D:3      | HP: 5/38 [poisoned by an orc]
  3201 | D:3      | HP: 4/38 [poisoned by an orc]
  3209 | D:3      | HP: 3/38 [poisoned by an orc]
  3699 | D:4      | Bought a +1 pair of gloves for 138 gold pieces
  3799 | D:4      | Reached XP level 6. HP: 27/45 MP: 3/9
  3958 | D:4      | HP: 21/45 [hound (2)]
  3966 | D:4      | HP: 19/45 [hound (3)]
  4415 | D:4      | Learned a level 4 spell: Airstrike
  4418 | D:4      | Found Gyipibla's Assorted Antiques.
  4435 | D:4      | Bought a scroll labeled ANECYLIUCI for 27 gold pieces
  4500 | D:4      | Reached skill level 3 in Spellcasting
  4642 | D:4      | Reached skill level 5 in Conjurations
  4642 | D:4      | Reached skill level 5 in Air Magic
  5168 | D:4      | Your scales start taking on a lurid green colour.
  5168 | D:4      | Reached XP level 7. HP: 38/50 MP: 0/11
  5168 | D:4      | Gained mutation: Your system is resistant to poisons. (rPois) [Green Draconian growth]
  5425 | D:5      | Entered Level 5 of the Dungeon
  5557 | D:5      | Found a sand-covered staircase.
  5566 | Ossuary  | Entered an ossuary
  5612 | Ossuary  | Reached skill level 6 in Conjurations
  5615 | Ossuary  | Reached skill level 6 in Air Magic
  6000 | D:5      | Found a glowing drain.
  6004 | Sewer    | Entered a sewer
  6092 | Sewer    | Noticed Purgy
  6098 | Sewer    | Killed Purgy
  6098 | Sewer    | Reached XP level 8. HP: 57/57 MP: 8/12
  6605 | D:5      | Reached skill level 7 in Conjurations
  6605 | D:5      | Reached skill level 7 in Air Magic
  6768 | D:5      | Found a staircase to the Ecumenical Temple.
  6773 | Temple   | Entered the Ecumenical Temple
  6792 | Temple   | Became a worshipper of Vehumet
  7407 | D:6      | Reached skill level 8 in Conjurations
  7407 | D:6      | Reached skill level 8 in Air Magic
  7762 | D:6      | Found Turagihat's Distillery.
  8046 | D:6      | Reached XP level 9. HP: 62/62 MP: 14/14
  8072 | D:6      | Learned a level 5 spell: Lightning Bolt
  8332 | D:7      | Identified a scroll of acquirement
  8333 | D:7      | Got a transparent cloak
  8339 | D:7      | Identified the +3 cloak "Kiethruat" {MR- Str+5 Dex+6} (You acquired it on level 7 of the Dungeon)
  8377 | D:7      | ololoev: эх
  8395 | D:7      | ololoev: у тебя был шанс показать что ты не тварь дрожащая и стрикать умеешь!
  8395 | D:7      | theanonym: Ты про какую игру?
  8395 | D:7      | ololoev: и ты решил зарубить хуфу
  8395 | D:7      | ololoev: про стрикбрейкера
  8395 | D:7      | ololoev: http://crawl.xtahua.com/crawl/morgue/theanonym/morgue-theanonym-20171219-005544.txt
  8395 | D:7      | theanonym: Я выпил дерево чтобы от торментов защититься, а он скорпионов толпу призвал
  8546 | D:7      | theanonym: Неплохо оделся к D7
  8567 | D:7      | ololoev: да, жалко только MR-
  8675 | D:7      | Found a runed door.
  8706 | D:7      | ololoev: о, ты еще и зеленый
  8727 | D:7      | ololoev: конфузория туфелька
  8751 | D:7      | ololoev: конфутатис маледиктус
  8757 | D:7      | Reached * piety under Vehumet
  8757 | D:7      | Offered knowledge of Flame Tongue by Vehumet.
  8758 | D:7      | ololoev: во
  8760 | D:7      | ololoev: правильные спеллы пошли
  8760 | D:7      | ololoev: у тебя все неправильные спеллы
  8760 | D:7      | theanonym: В леире болтом бьют?
  8760 | D:7      | ololoev: вроде никто не бьет
  8847 | D:7      | Reached skill level 1 in Fighting
  8847 | D:7      | Reached skill level 9 in Conjurations
  8847 | D:7      | Reached skill level 9 in Air Magic
  9033 | D:7      | Found Umanlul's Antique Armour Emporium.
  9048 | D:7      | Bought a pair of runed boots for 217 gold pieces
  9142 | D:7      | Noticed a two-headed ogre
  9148 | D:7      | Reached skill level 2 in Fighting
  9150 | D:7      | Killed a two-headed ogre
  9150 | D:7      | Reached skill level 3 in Fighting
  9425 | D:7      | Got a brightly glowing flail
  9681 | D:8      | Reached skill level 4 in Fighting
  9704 | D:8      | Reached XP level 10. HP: 71/78 MP: 14/15
 10250 | D:8      | theanonym: Фаербол нашёл
 10449 | D:9      | Found Weriem's Distillery.
 10467 | D:9      | Reached skill level 10 in Conjurations
 10467 | D:9      | Reached skill level 10 in Air Magic
 10550 | D:9      | Reached skill level 4 in Spellcasting
 10777 | D:9      | Learned a level 3 spell: Conjure Flame
 10803 | D:9      | Offered knowledge of Magic Dart by Vehumet.
 10956 | D:9      | Reached ** piety under Vehumet
 10973 | D:9      | Noticed a two-headed ogre
 10980 | D:9      | Killed a two-headed ogre
 10980 | D:9      | Reached skill level 5 in Spellcasting
 10980 | D:9      | Reached skill level 2 in Fire Magic
 11006 | D:9      | Reached skill level 3 in Fire Magic
 11187 | D:9      | Reached skill level 4 in Fire Magic
 11201 | D:9      | Reached skill level 5 in Fire Magic
 11367 | D:9      | Found a staircase to the Lair.
 11477 | D:9      | Reached skill level 6 in Fire Magic
 11593 | D:9      | Reached XP level 11. HP: 77/85 MP: 19/19
 11604 | D:9      | Reached skill level 6 in Spellcasting
 11899 | D:10     | Entered Level 10 of the Dungeon
 12123 | D:10     | Reached skill level 7 in Fire Magic
 12262 | D:10     | Learned a level 5 spell: Fireball
 12277 | D:10     | Offered knowledge of Ignite Poison by Vehumet.
 12279 | D:10     | HP: 42/85 [something (4)]
 12287 | D:10     | HP: 30/85 [something (10)]
 12292 | D:10     | HP: 21/85 [something (8)]
 12774 | D:10     | Killed an unseen horror
 12897 | D:10     | Killed an unseen horror
 12897 | D:10     | Reached skill level 7 in Spellcasting
 13007 | D:10     | Found a staircase to the Orcish Mines.
 13128 | Orc:1    | Entered Level 1 of the Orcish Mines
 13143 | Orc:1    | Found a frozen archway.
 13152 | Orc:1    | Reached *** piety under Vehumet
 13244 | IceCv    | Entered an ice cave
 13246 | IceCv    | Reached skill level 8 in Fire Magic
 13504 | IceCv    | Offered knowledge of Mephitic Cloud by Vehumet.
 13997 | IceCv    | Reached skill level 9 in Fire Magic
 14080 | IceCv    | Reached XP level 12. HP: 60/92 MP: 2/23
 14276 | IceCv    | Noticed a frost giant
 14284 | IceCv    | Reached skill level 8 in Spellcasting
 14288 | IceCv    | Killed a frost giant
 14288 | IceCv    | Reached skill level 11 in Conjurations
 14288 | IceCv    | Reached skill level 10 in Fire Magic
 14691 | Orc:1    | Learned a level 3 spell: Mephitic Cloud
 14807 | Orc:2    | Entered Level 2 of the Orcish Mines
 14812 | Orc:2    | Reached **** piety under Vehumet
 15090 | Orc:2    | Found a roughly hewn altar of Beogh.
 15107 | Orc:2    | Offered knowledge of Iskenderun's Mystic Blast by Vehumet.
 15231 | Orc:2    | Found a roughly hewn altar of Beogh.
 15242 | Orc:2    | Found a staircase to the Elven Halls.
 15302 | Orc:2    | Noticed an orc warlord
 15308 | Orc:2    | Killed an orc warlord
 15308 | Orc:2    | Reached skill level 5 in Fighting
 15353 | Orc:2    | Noticed an orc warlord
 15599 | Orc:2    | Found a roughly hewn altar of Beogh.
 15604 | Orc:2    | Found Fosyv's Armour Shoppe.
 15609 | Orc:2    | Bought the +0 pair of boots of Rireah {rElec SInv} for 317 gold pieces
 15765 | Orc:2    | Reached skill level 11 in Fire Magic
 15809 | Orc:2    | Killed an orc warlord
 15823 | Orc:2    | Reached skill level 6 in Fighting
 16001 | Orc:2    | Reached ***** piety under Vehumet
 16015 | Orc:2    | Noticed an orc warlord
 16027 | Orc:2    | Offered knowledge of Bolt of Fire by Vehumet.
 16029 | Orc:2    | HP: 19/96 [orc warlord/halberd (36)]
 16439 | Lair:1   | Entered Level 1 of the Lair of Beasts
 16447 | Lair:1   | Noticed a six-headed hydra
 16452 | Lair:1   | Killed a six-headed hydra
 16626 | Lair:1   | Found a labyrinth entrance.
 16633 | Lab      | Entered a labyrinth
 16828 | Lab      | Noticed a minotaur
 16837 | Lab      | Killed a minotaur
 16837 | Lab      | Reached skill level 12 in Fire Magic
 17101 | Lair:1   | Reached skill level 12 in Conjurations
 17415 | Lair:1   | Noticed a four-headed hydra
 17419 | Lair:1   | Killed a four-headed hydra
 18055 | Lair:2   | Reached XP level 13. HP: 102/102 MP: 25/25
 18406 | Lair:2   | Found a staircase to the Swamp.
 18490 | Lair:2   | Reached skill level 1 in Evocations
 18703 | Lair:2   | Got a clouded lapis lazuli ring
 18736 | Lair:2   | Reached skill level 2 in Evocations
 18992 | Lair:2   | Identified the ring of Cowardice {rElec MR+ Str+4 Dex+4} (You found it on level 2 of the Lair of Beasts)
 19510 | Lair:3   | Found a staircase to the Snake Pit.
 19728 | Lair:3   | Reached skill level 3 in Evocations
 20788 | Lair:4   | Reached skill level 4 in Evocations
 21304 | Lair:4   | Reached skill level 5 in Evocations
 21426 | Lair:4   | Got a pair of steaming boots
 21894 | Lair:4   | Reached skill level 13 in Fire Magic
 22044 | Lair:5   | Found a basalt altar of Yredelemnul.
 22245 | Lair:5   | Reached skill level 13 in Conjurations
 22493 | Lair:5   | Found a staircase to the Slime Pits.
 22599 | Lair:5   | Identified the cursed +0 pair of boots of Tiumem {rPois rC+ MP-9} (You found it on level 4 of the Lair of Beasts)
 22951 | Lair:5   | Offered knowledge of Conjure Ball Lightning by Vehumet.
 23838 | Lair:6   | Entered Level 6 of the Lair of Beasts
 24001 | Lair:5   | Gained mutation: Your tail ends in a poisonous barb. [Green Draconian growth]
 24001 | Lair:5   | Reached XP level 14. HP: 95/110 MP: 22/26
 24104 | Lair:6   | jacquesderrida: Онан
 24104 | Lair:6   | jacquesderrida: Кефирчик
 24104 | Lair:6   | jacquesderrida: И Лалиев
 24117 | Lair:6   | Noticed Josephine
 24833 | Lair:6   | Reached skill level 9 in Spellcasting
 24846 | Lair:6   | Killed Josephine
 25587 | Lair:6   | Learned a level 6 spell: Conjure Ball Lightning
 25897 | Lair:6   | Reached skill level 14 in Fire Magic
 25899 | Lair:6   | Reached skill level 14 in Conjurations
 25899 | Lair:6   | HP: 48/110 [ball lightning[the player character] (8)]
 26155 | Lair:6   | theanonym: Эти шаровые молнии какая-то суицидальная хуита
 26221 | Lair:6   | HP: 49/110 [wyvern (11)]
 26226 | Lair:6   | HP: 44/110 [poisoned by a black mamba]
 26231 | Lair:6   | HP: 42/110 [poisoned by a black mamba]
 26236 | Lair:6   | HP: 40/110 [poisoned by a black mamba]
 26242 | Lair:6   | HP: 40/110 [poisoned by a black mamba]
 26250 | Lair:6   | HP: 40/110 [poisoned by a black mamba]
 27208 | Lair:6   | Found a large runed door.
 27216 | Lair:6   | Found a large runed door.
 27697 | Lair:6   | HP: 31/110 [fire dragon/blast of flame (61)]
 28461 | Orc:2    | Killed an orc warlord
 28745 | Orc:2    | Offered knowledge of Iskenderun's Battlesphere by Vehumet.
 29238 | Orc:2    | Found a roughly hewn altar of Beogh.
 29381 | Orc:2    | Found a roughly hewn altar of Beogh.
 29435 | Orc:2    | Found Sutine's Antique Armour Emporium.
 29436 | Orc:2    | Found a roughly hewn altar of Beogh.
 29438 | Orc:2    | Found Ytunnamegi's Antique Weapon Shoppe.
 29893 | Orc:2    | Found a roughly hewn altar of Beogh.
 29947 | Orc:2    | Found a roughly hewn altar of Beogh.
 29956 | Orc:2    | Found Xuces's Antique Armour Shop.
 30319 | Orc:1    | Found a transporter.
 30346 | Orc:1    | Noticed an orc warlord
 30404 | Orc:1    | Found a roughly hewn altar of Beogh.
 30411 | Orc:1    | Killed an orc warlord
 30413 | Orc:1    | HP: 48/110 [ball lightning[the player character] (8)]
 30422 | Orc:1    | Found a transporter.
 30991 | Swamp:1  | Entered Level 1 of the Swamp
 31000 | Swamp:1  | Reached skill level 15 in Fire Magic
 31147 | Swamp:1  | Reached XP level 15. HP: 115/115 MP: 25/28
 31209 | Swamp:1  | Offered knowledge of Bolt of Magma by Vehumet.
 31209 | Swamp:1  | Reached skill level 15 in Conjurations
 31552 | Swamp:1  | Reached skill level 6 in Evocations
 31553 | Swamp:1  | Reached skill level 7 in Fighting
 32834 | Swamp:2  | Noticed Donald
 32851 | Swamp:1  | Killed Donald
 32851 | Swamp:1  | Reached skill level 8 in Fighting
 32851 | Swamp:1  | Reached skill level 7 in Evocations
 33578 | Swamp:2  | Reached skill level 9 in Fighting
 33578 | Swamp:2  | Reached skill level 8 in Evocations
 34797 | Swamp:3  | Offered knowledge of Spellforged Servitor by Vehumet.
 34951 | Swamp:3  | Noticed a thorn hunter
 35366 | Swamp:3  | Reached skill level 10 in Fighting
 35366 | Swamp:3  | Reached skill level 9 in Evocations
 35663 | Swamp:3  | HP: 61/126 [eight-headed hydra (10)]
 35663 | Swamp:3  | HP: 17/126 [eight-headed hydra (15)]
 35836 | Swamp:2  | Reached skill level 1 in Shields
 36034 | Swamp:3  | Reached skill level 2 in Shields
 36285 | Swamp:3  | Reached skill level 3 in Shields
 36566 | Swamp:3  | Killed a thorn hunter
 36998 | Swamp:4  | Entered Level 4 of the Swamp
 37172 | Swamp:4  | Reached skill level 4 in Shields
 37172 | Swamp:4  | Reached XP level 16. HP: 134/134 MP: 11/29
 37391 | Swamp:4  | Noticed a thorn hunter
 37394 | Swamp:4  | Killed a thorn hunter
 37394 | Swamp:4  | Reached skill level 10 in Evocations
 37422 | Swamp:4  | Reached skill level 10 in Spellcasting
 37571 | Swamp:4  | HP: 67/134 [ball lightning[the player character] (3)]
 37812 | Swamp:4  | Offered knowledge of Orb of Destruction by Vehumet.
 37819 | Swamp:4  | HP: 65/134 [ball lightning[the player character] (7)]
 38646 | Swamp:4  | Noticed the 27-headed Lernaean hydra
 38659 | Swamp:4  | Killed the 27-headed Lernaean hydra
 38659 | Swamp:4  | Reached skill level 11 in Spellcasting
 38685 | Swamp:4  | Noticed Kirke
 38840 | Swamp:3  | HP: 67/134 [/a scroll of torment (65)]
 39363 | Swamp:4  | Learned a level 7 spell: Orb of Destruction
 39463 | Swamp:4  | Got a decaying rune of Zot
 39533 | Swamp:4  | Killed Kirke
 39909 | Snake:1  | Entered Level 1 of the Snake Pit
 40047 | Snake:1  | HP: 67/134 [naga sharpshooter/arrow (17)]
 40065 | Snake:1  | HP: 57/134 [naga sharpshooter/arrow (6)]
 40621 | Snake:1  | Reached skill level 12 in Spellcasting
 41086 | Snake:1  | HP: 62/134 [ball lightning[the player character] (10)]
 41136 | Snake:1  | HP: 45/134 [black mamba (5)]
 43111 | Snake:2  | Reached skill level 16 in Conjurations
 43124 | Snake:1  | HP: 66/134 [shock serpent/electric aura (4)]
 43129 | Snake:1  | HP: 56/134 [poisoned by a naga ritualist (toxic radiance)]
 43136 | Snake:1  | HP: 56/134 [poisoned by a naga ritualist (toxic radiance)]
 43144 | Snake:1  | HP: 57/134 [poisoned by a naga ritualist (toxic radiance)]
 43412 | Snake:2  | HP: 66/134 [ball lightning[the player character] (4)]
 43681 | Snake:2  | Reached XP level 17. HP: 140/140 MP: 31/33
 43698 | Snake:2  | Reached skill level 13 in Spellcasting
 44017 | Snake:2  | Offered knowledge of Poison Arrow by Vehumet.
 44028 | Snake:2  | Learned a level 6 spell: Poison Arrow
 44141 | Snake:2  | Reached skill level 1 in Poison Magic
 44330 | Snake:2  | Reached skill level 2 in Poison Magic
 44334 | Snake:2  | Reached skill level 3 in Poison Magic
 44538 | Snake:2  | Noticed Roxanne
 44549 | Snake:2  | Killed Roxanne
 44549 | Snake:2  | Reached skill level 4 in Poison Magic
 45038 | Snake:3  | HP: 69/140 [shock serpent/bolt of electricity (2)]
 45044 | Snake:2  | HP: 53/140 [poisoned by a naga ritualist (toxic radiance)]
 45052 | Snake:2  | HP: 54/140 [poisoned by a naga ritualist (toxic radiance)]
 46632 | Snake:4  | Entered Level 4 of the Snake Pit
 46977 | Snake:4  | Noticed Vashnia
 46982 | Snake:4  | HP: 58/140 [naga sharpshooter/bolt[Vashnia] (14)]
 46983 | Snake:4  | HP: 26/140 [naga sharpshooter/bolt[Vashnia] (32)]
 46984 | Snake:4  | HP: 2/140 [naga sharpshooter/arrow[Vashnia] (15)]
 46984 | Snake:4  | Shot with a bolt by a naga sharpshooter

Vanquished Creatures
  the Lernaean hydra (Swamp:4)
  Kirke (Swamp:4)
  2 thorn hunters
  Donald (Swamp:1)
  Roxanne (Snake:2)
  A frost giant (IceCv)
  3 nagarajas (Snake:2)
  4 orc warlords
  A minotaur (Lab)
  Josephine (Lair:6)
  A fire dragon (Lair:6)
  8 naga warriors
  28 hydras
  5 anacondas
  2 ghost crabs
  15 alligators
  3 two-headed ogres
  A death yak (Lair:5)
  12 shock serpents
  3 orc high priests
  6 naga sharpshooters
  A fire crab (Lair:6)
  6 slime creatures
  A salamander mystic (Snake:1)
  2 unseen horrors (D:10)
  4 naga ritualists
  15 swamp dragons
  3 orc knights
  7 mana vipers
  2 oklob plants (Lair:5)
  2 orc sorcerers
  6 salamanders
  An ice statue (IceCv)
  10 naga magi
  A guardian serpent (Snake:2)
  34 black mambas
  A torpor snail (Lair:5)
  10 elephants
  2 molten gargoyles (Lair:6)
  13 komodo dragons
  11 spiny frogs
  5 rime drakes
  2 ice devils (Orc:1)
  4 trolls
  4 tyrant leeches
  16 polar bears
  7 blink frogs
  6 hornets
  19 bog bodies
  17 dream sheep
  8 hippogriffs
  5 spriggans
  3 shadows
  6 wyverns
  3 wraiths (Lair:6)
  2 redbacks (Lab)
  A hog (Swamp:4)
  44 yaks
  3 hungry ghosts
  4 steam dragons
  7 basilisks
  17 vampire mosquitoes
  28 swamp worms
  6 wargs
  7 insubstantial wisps
  A naga (shapeshifter) (D:7)
  21 nagas
  3 hell hounds (Lair:6)
  An acid dragon (D:7)
  19 water moccasins
  5 porcupines
  Purgy (Sewer)
  11 swamp drakes
  A sky beast (D:6)
  31 orc warriors
  2 ice beasts (D:9)
  16 wolves
  10 ogres
  3 centaurs
  7 crocodiles
  4 big kobolds
  2 elf zombies (Ossuary)
  13 bullfrogs
  A wyvern skeleton (D:7)
  A jelly (D:6)
  A scorpion (D:5)
  4 killer bees (D:10)
  3 electric eels
  5 crimson imps
  A centaur zombie (D:8)
  5 lava snakes (Lair:6)
  2 bullfrog zombies (D:10)
  A bullfrog skeleton (D:10)
  28 orc priests
  6 hounds
  An iguana (D:9)
  31 orc wizards
  5 worker ants
  9 hell rats
  A killer bee zombie (D:7)
  3 big kobold zombies (Ossuary)
  A hound zombie (Ossuary)
  A hound skeleton (D:4)
  A worker ant zombie (D:7)
  A howler monkey skeleton (D:4)
  A howler monkey zombie (D:6)
  4 mummies (Ossuary)
  9 adders
  4 gnolls (D:5)
  10 river rats
  2 oozes
  2 adder skeletons
  An adder zombie (Ossuary)
  2 dart slugs
  8 leopard geckos
  102 orcs
  6 ball pythons
  3 giant cockroaches
  8 goblins
  6 hobgoblins
  9 jackals
  6 quokkas
  10 bats
  8 frilled lizards
  A goblin zombie (Ossuary)
  2 hobgoblin zombies (Ossuary)
  A jackal skeleton (D:5)
  32 kobolds
  2 kobold zombies (Ossuary)
  A leopard gecko skeleton (D:5)
  A quokka skeleton (D:4)
  A quokka zombie (D:7)
  9 rats
  3 bushes
  5 fungi
  4 plants
982 creatures vanquished.

Vanquished Creatures (collateral kills)
  A hound (D:9)
1 creature vanquished.

Vanquished Creatures (others)
  A naga sharpshooter (Snake:1)
  151 ball lightnings
  2 insubstantial wisps (Swamp:4)
  An orc (Orc:2)
  A briar patch (Swamp:3)
  3 bushes
  31 fungi
  11 plants
201 creatures vanquished.

Grand Total: 1184 creatures vanquished

Table legend:
 A = Turns spent in this place as a percentage of turns spent in the entire game.
 B = Non-inter-level travel turns spent in this place as a percentage of non-inter-level travel turns spent in the entire game.
 C = Inter-level travel turns spent in this place as a percentage of turns spent in this place.
 D = Turns resting spent in this place as a percentage of non-inter-level travel turns spent in this place.
 E = Turns spent auto-exploring this place as a percentage of non-inter-level travel turns spent in this place.
 F = Non-inter-level travel turns spent in this place divided by the number of levels of this place that you've seen.
                   A       B       C       D       E      F
               +-------+-------+-------+-------+-------+----------------------
         Total | 100.0 | 100.0 |   5.7 |  53.6 |  33.3 | 1429.9
       Dungeon |  27.7 |  26.9 |   8.5 |  42.5 |  42.3 | 1191.6
        Temple |   0.1 |   0.0 |  32.3 |   0.0 |  52.4 |  21.0
          Lair |  25.6 |  25.5 |   6.1 |  52.5 |  38.4 | 1884.3
         Swamp |  18.5 |  18.8 |   4.3 |  67.5 |  22.9 | 2082.5
     Snake Pit |  14.5 |  14.9 |   3.0 |  62.9 |  26.4 | 1656.0
  Orcish Mines |   8.8 |   8.8 |   5.6 |  51.5 |  28.1 | 1956.0
     Labyrinth |   0.5 |   0.5 |   0.0 |  16.7 |   0.0 | 215.0
         Sewer |   0.5 |   0.5 |   0.0 |  33.0 |  47.9 | 215.0
       Ossuary |   0.7 |   0.8 |   0.0 |  35.9 |  26.7 | 345.0
      Ice Cave |   3.1 |   3.3 |   0.0 |  51.2 |  29.3 | 1442.0
               +-------+-------+-------+-------+-------+----------------------
